Map: Blackpink LE

Players

fruitcake

  • Race: Terran Terran
  • Spawn Location: 7:00

A.I. 1 (Hard) - Winner!

  • Race: Protoss Protoss
  • Spawn Location: 1:00

VOD

Have the link to the VOD?

Description

Time

  • Played on: May 5, 2018, 1:07 p.m.
  • Length: 8:54
Show
View Real Time Build Order
Export as new Build Order

fruitcake Terran 

Build Orders:  

Get SALT Encoding   

  12  0:00  SCV  
  13  0:14  Supply Depot  
  13  0:17  SCV  
  14  0:29  SCV  
  15  0:40  Barracks  
  15  0:41  SCV  
  16  0:45  Refinery  
  16  0:54  SCV  
  17  1:02  Barracks  
  17  1:07  SCV  
  18  1:15  Supply Depot  
  18  1:19  SCV  
  19  1:30  Marine  
  20  1:33  SCV  
  21  1:44  Barracks  
  21  1:47  Marine  
  22  1:59  Engineering Bay, Orbital Command  
  22  2:03  Marine  
  23  2:12  Barracks Reactor  
  23  2:20  Marine  
  24  2:31  Terran Infantry Weapons Level 1  
  24  2:38  Marine  
  24  2:42  SCV  
  26  2:44  Barracks Tech Lab  
  26  2:49  Marine x2  
  28  2:57  Barracks Reactor  
  28  3:02  Marine  
  29  3:07  Marine x2  
  31  3:20  Supply Depot  
  31  3:24  Supply Depot  
  31  3:34  Stimpack  
  31  3:40  Refinery  
  31  3:41  Marine x2  
  31  3:42  Marauder  
  31  3:43  Supply Depot  
  31  3:47  Marine  
  31  3:48  Marine  
  37  3:59  Marine x2  
  39  4:03  Marine  
  39  4:05  Marine x2  
  42  4:17  Marine x2  
  42  4:20  Marine  
  42  4:23  Marine x2  
  47  4:25  Terran Infantry Armor Level 1  
  47  4:35  Marine x2  
  49  4:38  Marine  
  49  4:41  Marine x2  
  52  4:52  Marine x2  
  52  4:56  Marine  
  55  5:16  Supply Depot  
  55  5:17  Supply Depot  
  55  5:37  Marine x4  
  55  5:38  Marauder, Concussive Shells  
  61  5:55  Marine x4  
  64  5:59  Marauder  
  50  6:13  Marine x4  
  53  6:20  Marauder  
  49  6:31  Marine x4  
  43  6:42  Marauder  
  43  6:48  Marine x2  
  42  7:03  Marine  
  42  7:06  Marine x2  
  41  7:20  Marine  
Show
View Real Time Build Order
Export as new Build Order

A.I. 1 (Hard) Protoss - Winner!

Build Orders:  

Get SALT Encoding   

  12  0:00  Probe  
  13  0:13  Probe  
  14  0:20  Pylon  
  14  0:25  Probe  
  15  0:34  Probe  
  16  0:42  Probe  
  16  0:48  Assimilator  
  17  0:51  Probe  
  17  0:52  Gateway  
  18  0:59  Probe  
  18  1:00  Pylon  
  19  1:22  Probe  
  20  1:38  Zealot  
  22  1:41  Cybernetics Core  
  22  1:43  Gateway  
  22  1:46  Assimilator  
  22  1:59  Zealot  
  22  2:03  Pylon  
  24  2:18  Warp Gate  
  24  2:26  Stalker  
  26  2:31  Stalker  
  28  2:49  Pylon  
  28  2:56  Stalker, Probe  
  31  3:01  Adept  
  31  3:04  Probe  
  33  3:12  Probe  
  34  3:18  Forge  
  35  3:23  Probe  
  35  3:26  Stalker  
  38  3:31  Pylon, Stalker  
  40  3:35  Probe  
  41  3:48  Probe  
  42  5:10  Protoss Ground Weapons Level 1, Adept  
  42  5:13  Gateway  
  44  5:15  Robotics Facility  
  44  5:16  Photon Cannon  
  44  5:18  Photon Cannon  
  44  5:19  Sentry  
  46  5:21  Pylon  
  46  5:28  Adept  
  46  5:31  Forge  
  48  5:35  Stargate  
  48  5:42  Adept  
  50  5:51  Adept  
  50  5:54  Protoss Ground Armor Level 1  
  50  5:56  Twilight Council  
  52  6:01  Observer  
  52  6:02  Sentry  
  39  6:11  Adept  
  39  6:16  Observer, Probe, Nexus  
  39  6:20  Adept  
  36  6:28  Probe  
  36  6:30  Adept  
  28  6:39  Adept  
  29  6:40  Probe  
Tags
 
Add a new tag
Caveats
  • Supply blocks, unpowered buildings, or Contaminate may cause inaccurate times.
  • Supply counts are checked every 10 seconds.